 Dungeon Crawl Stone Soup version 0.16.1-16-gc44b35d (webtiles) character file.

81232 RepoMan the Devastator (level 15, -7/96 HPs)
             Began as an Octopode Wizard on Apr 21, 2015.
             Was the Champion of Dithmenos.
             Mangled by a six-headed hydra (17 damage)
             ... on level 4 of the Swamp on Apr 27, 2015.
             The game lasted 07:34:00 (39695 turns).

RepoMan the Devastator (Octopode Wizard)           Turns: 39695, Time: 07:34:01

Health: -7/96      AC:  3    Str:  8    XL:     15   Next: 69%
Magic:  11/34      EV: 18    Int: 33    God:    Dithmenos [******]
Gold:   1305       SH:  0    Dex: 11    Spells: 11 memorised, 7 levels left

rFire  + . .     SeeInvis +     a - +0 blowgun
rCold  . . .     Clarity  .     (no shield)
rNeg   + . .     SustAb   .     b - +2 hat
rPois  +         Gourm    .     Y - amulet of warding
rElec  .         Spirit   .     t - +4 ring of intelligence
rCorr  .         Warding  +     B - +4 ring of intelligence
rMut   .         Stasis   .     F - ring of protection from fire
MR     +....                    c - ring "Cipaizew" {rPois Slay+5}
Stlth  ++++++++..               i - ring of wizardry
                                Q - ring of see invisible
                                (no ring)
                                (no ring)

@: wreathed by umbra, repel missiles, somewhat resistant to hostile
enchantments, extraordinarily stealthy
A: almost no armour, amphibious, 8 rings, constrict 8, camouflage 1, gelatinous
body 1
a: Shadow Step, Shadow Form, Renounce Religion


You were on level 4 of the Swamp.
You worshipped Dithmenos.
Dithmenos was exalted by your worship.
You were not hungry.

You visited 4 branches of the dungeon, and saw 25 of its levels.

You collected 1542 gold pieces.
You spent 237 gold pieces at shops.

Inventory:

Hand weapons
 a - a +0 blowgun (weapon)
 r - a +3 mace of holy wrath
Missiles
 e - 32 poisoned needles (quivered)
Armour
 b - a +2 hat (worn)
Jewellery
 c - the ring "Cipaizew" (on tentacle) {rPois Slay+5}
   (You acquired it on level 2 of the Lair of Beasts)

   [ring of slaying]

   It affects your accuracy and damage with ranged weapons and melee attacks
   (+5).
   It protects you from poison.
 i - a ring of wizardry (on tentacle)
 t - a +4 ring of intelligence (left tentacle)
 B - a +4 ring of intelligence (right tentacle)
 F - a ring of protection from fire (on tentacle)
 Q - a ring of see invisible (on tentacle)
 Y - an amulet of warding (around mantle)
Magical devices
 g - a wand of disintegration (14)
 l - a wand of draining (1)
 w - a wand of frost (15)
 J - a wand of digging (11)
 L - a wand of heal wounds (4)
 O - a wand of invisibility (3)
Scrolls
 f - a scroll of amnesia
 k - a scroll of magic mapping
 n - 11 scrolls of remove curse
 o - a scroll of identify
 p - a scroll of teleportation
 s - a scroll of enchant armour
 y - 4 scrolls of fog
 G - a scroll of torment
 H - 2 scrolls of fear
 I - a scroll of holy word {unknown}
 N - 2 scrolls of silence
 R - 3 scrolls of recharging
 T - a scroll of vulnerability
Potions
 j - 5 potions of lignification
 m - a potion of might
 q - 2 potions of cancellation
 v - 2 potions of magic
 x - 12 potions of curing
 z - a potion of flight
 A - 3 potions of haste
 C - 4 potions of ambrosia
 D - 3 potions of agility
 E - 4 potions of brilliance
 K - 3 potions of restore abilities
 W - 2 potions of resistance
 X - 2 potions of heal wounds
Books
 h - a book of the Dragon

   Spells                             Type                      Level
   a - Flight                         Charms/Air                   3
   b - Cause Fear                     Hexes                        4
   c - Bolt of Fire                   Conjuration/Fire             6
   d - Dragon Form                    Transmutation                7
   e - Dragon's Call                  Summoning                    9
 P - a book of Air

   Spells                             Type                      Level
   a - Shock                          Conjuration/Air              1
   b - Swiftness                      Charms/Air                   2
   c - Repel Missiles                 Charms/Air                   2
   d - Flight                         Charms/Air                   3
   e - Static Discharge               Conjuration/Air              3
   f - Lightning Bolt                 Conjuration/Air              5
Comestibles
 d - 11 bread rations
 u - a royal jelly
 S - 4 meat rations
 U - a beef jerky


   Skills:
 + Level 6.6 Fighting
 + Level 12.5 Dodging
 - Level 4.1 Stealth
 + Level 11.8 Spellcasting
 + Level 15.4 Conjurations
 - Level 1.0 Summonings
 - Level 1.0 Translocations
 - Level 2.2 Transmutations
 * Level 11.9 Earth Magic


You had 7 spell levels left.
You knew the following spells:

 Your Spells              Type           Power        Failure   Level  Hunger
a - Magic Dart            Conj           ####         0%          1    None
b - Blink                 Tloc           N/A          1%          2    None
c - Stoneskin             Trmt/Erth      ######..     1%          2    None
d - Mephitic Cloud        Conj/Pois/Air  ######..     1%          3    None
e - Stone Arrow           Conj/Erth      ######       1%          3    None
g - Passwall              Trmt/Erth      ######....   1%          3    None
h - Petrify               Trmt/Erth      ######..     1%          4    None
i - Call Imp              Summ           ####....     1%          2    None
l - Lee's Rapid Deconstr  Erth           #######...   1%          5    #......
r - Repel Missiles        Chrm/Air       ###...       1%          2    None
s - Dazzling Spray        Conj/Hex       ######..     1%          3    None


Dungeon Overview and Level Annotations

Branches:
Dungeon (11/15)            Temple (1/1) D:6            Lair (8/8) D:10
  Swamp (5/5) Lair:6       Spider (0/5) Lair:3        Slime (0/6) Lair:7
    Orc (0/4) D:10

Altars:
Ashenzari
Cheibriados
Dithmenos
Elyvilon
Fedhas
Gozag
Kikubaaqudgha
Makhleb
Nemelex Xobeh
Okawaru
Qazlal
Ru
Sif Muna
Trog
Vehumet
Xom
Yredelemnul
Zin
The Shining One
Beogh
Jiyva

Shops:
D:9 ((*?

Annotations:
D:7 RepoMan's ghost, experienced DsWr
Lair:3 exclusions: ice dragon and 1 more exclusion


Innate Abilities, Weirdness & Mutations

You cannot wear most types of armour.
You are amphibious.
You can wear up to eight rings at the same time.
You can use your tentacles to constrict many enemies at once.
Your skin changes colour to match your surroundings (Stealth).
Your rubbery body absorbs attacks (AC +1).


Message History

The six-headed hydra barely misses you. The six-headed hydra bites you.
You climb upwards.
There is a stone staircase leading down here.
Casting: Dazzling Spray
Confirm with . or Enter, or press ? or * to list all spells.
You blink.
Floosh!
Casting: Blink
Confirm with . or Enter, or press ? or * to list all spells.
Aiming: Dazzling Spray
Press: ? - help, Shift-Dir - straight line, f - six-headed hydra
Aim: a six-headed hydra (water, lightly wounded, umbra)
The spray of energy hits the six-headed hydra.
The six-headed hydra is moderately wounded.
The six-headed hydra bites you! x4
* * * LOW HITPOINT WARNING * * *
The six-headed hydra bites you.
* * * LOW HITPOINT WARNING * * *
The six-headed hydra bites you!
You die...

.≈≈(.♣..≈♣ .§§.♣♣♣.♣♣
..≈.≈♣≈≈≈♣♣
..≈≈.≈≈...♣♣♣♣♣♣♣♣
♣.≈.≈≈≈≈.≈≈♣.>≈≈.♣♣♣
.≈≈♣..≈♣.≈≈..≈≈≈.≈.♣
≈≈♣♣♣.♣≈..≈≈§≈≈≈≈≈.♣
.≈♣♣...≈.♣♣♣♣♣[D≈.♣♣
.♣♣...≈≈.♣ ♣♣≈@♣♣ ♣♣♣♣♣♣
..♣♣..≈.♣♣♣♣ ♣♣♣♣♣♣♣..≈≈♣
≈≈≈..≈≈≈.§≈♣♣♣♣♣♣♣§≈≈.≈≈.♣♣
≈≈≈≈≈≈....≈.♣.♣♣≈.≈..≈≈≈≈≈♣♣
≈≈≈≈≈.....≈≈♣..♣.≈≈≈≈≈≈≈≈≈.♣♣
§≈≈≈≈.≈♣♣≈≈≈≈≈..≈≈≈≈≈≈≈≈≈≈≈≈♣
≈≈≈≈≈≈♣♣♣♣♣♣♣.≈≈≈≈≈≈≈..≈≈≈≈.♣
.≈≈≈≈.♣ ♣♣)≈≈..≈.≈≈.≈≈≈≈≈♣
.≈≈≈≈≈♣ ♣≈≈.......≈≈≈≈≈≈.♣♣♣♣


You could see a six-headed hydra.

Vanquished Creatures
  A very ugly thing (Swamp:3)
  A dire elephant (Lair:8)
  Fannar (Lair:2)
  7 hydras
  A catoblepas (Lair:8)
  Erica (Lair:1)
  6 death yaks (Lair:8)
  7 alligators
  A deep troll shaman (Lair:8)
  Nergalle (D:11)
  A fire crab (Lair:6)
  An unseen horror (D:11)
  4 shambling mangroves
  A hill giant (D:11)
  3 swamp dragons
  The ghost of Mandevil the Covert, an experienced FeCj of Vehumet (D:11)
  A griffon (Lair:7)
  13 elephants
  Maurice (D:8)
  3 black mambas
  A cyclops (D:11)
  18 spiny frogs
  7 komodo dragons
  3 fire drakes
  3 trolls (D:10)
  3 giant leeches
  3 baby alligators (Swamp:2)
  A two-headed ogre (D:10)
  14 ravens
  A polar bear (Lair:8)
  4 bog bodies
  7 slime creatures
  26 blink frogs
  2 basilisks
  23 yaks
  7 spriggans
  4 shadows
  13 vampire mosquitoes
  2 wyverns
  11 hippogriffs
  2 hungry ghosts
  48 wolves
  5 insubstantial wisps
  Edmund (D:8)
  29 swamp worms
  7 porcupines
  3 ice beasts
  8 spiders (Lair:3)
  3 sky beasts
  2 swamp drakes
  7 wasps
  4 phantoms
  3 orc warriors
  6 ogres
  5 black bears
  24 water moccasins
  2 necrophages (D:9)
  21 crocodiles
  A centaur (D:5)
  2 boring beetles
  Sigmund (D:2)
  13 giant frogs
  A wyvern zombie (D:10)
  4 scorpions
  5 wights
  7 electric eels
  9 crimson imps
  A goliath beetle (D:6)
  4 jellies
  4 orc priests
  A giant frog zombie (D:9)
  Crazy Yiuf (D:7)
  2 centaur zombies (D:9)
  16 hounds
  7 orc wizards
  2 giant frog skeletons
  11 iguanas
  30 sheep
  8 worker ants
  A killer bee zombie (D:9)
  2 hound zombies
  A mummy (D:9)
  2 hound skeletons
  A worker ant zombie (D:9)
  10 gnolls
  97 river rats
  3 shadow imps
  18 adders
  5 worms
  An adder skeleton (D:6)
  2 oozes
  26 orcs
  A ball python (D:3)
  14 goblins
  16 hobgoblins
  28 kobolds
  16 quokkas
  11 bats
  5 giant cockroaches
  8 giant geckos
  A giant gecko skeleton (D:2)
  2 giant newts
  9 jackals
  A quokka skeleton (D:7)
  15 rats
  A spectral orc (D:11)
  6 fungi
  4 plants
826 creatures vanquished.

Vanquished Creatures (collateral kills)
  A spiny frog (Lair:1)
  A wasp (Swamp:2)
  A water moccasin zombie (D:8)
  A crimson imp (D:3)
  2 orc wizards (D:4)
  A hobgoblin (D:1)
7 creatures vanquished.

Vanquished Creatures (others)
  A spriggan (Swamp:2)
  A crimson imp (Lair:2)
  An iron imp (D:9)
  2 shadow imps
  2 white imps
  7 fungi
  9 plants
23 creatures vanquished.

Grand Total: 856 creatures vanquished

Notes
Turn   | Place    | Note
--------------------------------------------------------------
     0 | D:1      | RepoMan, the Octopode Wizard, began the quest for the Orb.
     0 | D:1      | Reached XP level 1. HP: 11/11 MP: 4/4
   179 | D:1      | Reached XP level 2. HP: 17/17 MP: 0/6
   183 | D:1      | Learned a level 2 spell: Blink
   186 | D:1      | Learned a level 2 spell: Call Imp
   901 | D:1      | Reached XP level 3. HP: 21/21 MP: 4/8
   985 | D:1      | Learned a level 2 spell: Repel Missiles
  2587 | D:2      | Reached XP level 4. HP: 27/27 MP: 2/10
  2592 | D:2      | Learned a level 3 spell: Mephitic Cloud
  2689 | D:2      | Found a basalt altar of Yredelemnul.
  2690 | D:2      | Noticed Sigmund
  3300 | D:3      | Noticed an ogre
  3318 | D:3      | Killed an ogre
  3318 | D:3      | Reached skill level 4 in Spellcasting
  3318 | D:3      | Reached XP level 5. HP: 31/31 MP: 11/13
  3350 | D:3      | Noticed an orc warrior
  3461 | D:3      | Found a deep blue altar of Sif Muna.
  4205 | D:4      | Reached XP level 6. HP: 36/36 MP: 1/15
  5347 | D:4      | Found a white marble altar of Elyvilon.
  5397 | D:4      | Reached XP level 7. HP: 41/41 MP: 13/17
  5585 | D:4      | Noticed an ogre
  5599 | D:4      | Killed an ogre
  5599 | D:4      | Reached skill level 5 in Conjurations
  6253 | D:4      | Reached skill level 5 in Spellcasting
  6489 | D:5      | Entered Level 5 of the Dungeon
  6900 | D:5      | Reached XP level 8. HP: 25/46 MP: 5/20
  7091 | D:5      | Found a shattered altar of Ashenzari.
  7230 | D:5      | Reached skill level 6 in Conjurations
  7403 | D:5      | Found an opulent altar of Gozag.
  7907 | D:6      | Reached skill level 5 in Dodging
  8063 | D:6      | Found a staircase to the Ecumenical Temple.
  8068 | Temple   | Entered the Ecumenical Temple
  8172 | Temple   | Became a worshipper of Dithmenos the Shadowed
  8294 | D:6      | Got a faintly glowing helmet
  8349 | D:6      | Reached skill level 7 in Conjurations
  8372 | D:7      | Noticed RepoMan's ghost (experienced DsWr)
  9003 | D:7      | Noticed Crazy Yiuf
  9011 | D:7      | Killed Crazy Yiuf
  9011 | D:7      | Reached XP level 9. HP: 51/51 MP: 12/22
  9122 | D:7      | Reached skill level 8 in Conjurations
  9528 | D:8      | Noticed Edmund
  9539 | D:8      | Noticed Maurice
  9545 | D:8      | Killed Edmund
  9564 | D:8      | Killed Maurice
  9564 | D:8      | Reached skill level 9 in Conjurations
  9629 | D:8      | Learned a level 3 spell: Dazzling Spray
 10530 | D:8      | Reached XP level 10. HP: 24/56 MP: 7/25
 10987 | D:9      | Found Okhit's Antique Weapon Shop.
 10990 | D:9      | Found Zixo's Antique Armour Shop.
 11148 | D:9      | Found Bizik's Assorted Antiques.
 11155 | D:9      | Bought a scroll of identify for 50 gold pieces
 11166 | D:9      | Reached skill level 10 in Conjurations
 11262 | D:9      | Found Jaanipef's Weapon Boutique.
 11379 | D:9      | Found Ycopaogein's Magic Scroll Boutique.
 11387 | D:9      | Bought a scroll of identify for 30 gold pieces
 11387 | D:9      | Bought a scroll of identify for 30 gold pieces
 11387 | D:9      | Bought a scroll of noise for 15 gold pieces
 11392 | D:9      | Bought a scroll of enchant armour for 112 gold pieces
 12059 | D:10     | Entered Level 10 of the Dungeon
 12070 | D:10     | Acquired Dithmenos' first power
 12394 | D:2      | Killed Sigmund
 13054 | D:10     | Found a staircase to the Lair.
 13203 | D:10     | Reached skill level 11 in Conjurations
 13556 | D:10     | Found a staircase to the Orcish Mines.
 13706 | D:10     | Found a roughly hewn altar of Beogh.
 13872 | Lair:1   | Entered Level 1 of the Lair of Beasts
 13922 | D:10     | Acquired Dithmenos' second power
 14464 | Lair:1   | Reached XP level 11. HP: 61/61 MP: 25/28
 14511 | Lair:1   | Noticed an eight-headed hydra
 14526 | Lair:1   | Killed an eight-headed hydra
 15376 | Lair:1   | Noticed Erica
 15409 | Lair:1   | Killed Erica
 15409 | Lair:1   | Reached skill level 12 in Conjurations
 15652 | Lair:2   | Noticed Fannar
 15788 | Lair:2   | Killed Fannar
 16799 | Lair:2   | Acquired Dithmenos' third power
 16882 | Lair:2   | Reached XP level 12. HP: 33/66 MP: 6/29
 17211 | Lair:2   | Reached skill level 13 in Conjurations
 17677 | Lair:2   | Identified 2 scrolls of acquirement
 17682 | Lair:2   | Got a vibrating granite ring
 17684 | Lair:2   | Got a scintillating sapphire amulet
 17686 | Lair:2   | Identified the amulet of Midwinter {rCorr rC- Str+4 Int-2 Slay+3 SInv} (You acquired it on level 2 of the Lair of Beasts)
 17689 | Lair:2   | Identified the ring "Cipaizew" {rPois Slay+5} (You acquired it on level 2 of the Lair of Beasts)
 18077 | Lair:3   | Found a hole to the Spider Nest.
 18291 | Lair:3   | Reached skill level 10 in Dodging
 18305 | Lair:3   | Reached skill level 10 in Spellcasting
 19093 | Lair:3   | Noticed an ice dragon
 19202 | Lair:3   | Acquired Dithmenos' fourth power
 19473 | Lair:3   | Noticed a seven-headed hydra
 19483 | Lair:3   | Killed a seven-headed hydra
 20137 | Lair:4   | Reached skill level 14 in Conjurations
 20907 | Lair:5   | Found a deep blue altar of Sif Muna.
 20989 | Lair:5   | Learned a level 3 spell: Stone Arrow
 20992 | Lair:5   | Learned a level 2 spell: Stoneskin
 20996 | Lair:5   | Learned a level 3 spell: Passwall
 21001 | Lair:5   | Learned a level 4 spell: Petrify
 21138 | Lair:5   | Found a white marble altar of Elyvilon.
 21283 | Lair:5   | Reached skill level 1 in Earth Magic
 21605 | Lair:5   | Reached XP level 13. HP: 71/71 MP: 21/31
 21641 | Lair:5   | Learned a level 5 spell: Lee's Rapid Deconstruction
 21868 | Lair:5   | Reached skill level 5 in Earth Magic
 23055 | Lair:6   | Found a staircase to the Swamp.
 23622 | Lair:6   | Reached skill level 1 in Transmutations
 23937 | Lair:7   | Reached skill level 1 in Fighting
 25364 | Lair:7   | Found a staircase to the Slime Pits.
 25365 | Lair:7   | Found a viscous altar of Jiyva.
 26052 | Lair:7   | Reached XP level 14. HP: 71/83 MP: 3/32
 26898 | Lair:8   | Entered Level 8 of the Lair of Beasts
 31081 | D:11     | Reached skill level 10 in Earth Magic
 31242 | D:11     | Noticed Mandevil's ghost (experienced FeCj)
 31255 | D:11     | Killed Mandevil's ghost
 31405 | D:11     | Noticed Nergalle
 31668 | D:11     | Killed Nergalle
 32108 | Swamp:1  | Entered Level 1 of the Swamp
 32346 | Swamp:1  | Reached skill level 5 in Fighting
 32596 | Swamp:1  | Reached skill level 15 in Conjurations
 33713 | Swamp:2  | Reached XP level 15. HP: 92/92 MP: 1/34
 39675 | Swamp:5  | Entered Level 5 of the Swamp
 39695 | Swamp:4  | Mangled by a six-headed hydra

Action                   |  1- 3 |  4- 6 |  7- 9 | 10-12 | 13-15 || total
-------------------------+-------+-------+-------+-------+-------++-------
Melee: Unarmed           |    28 |     2 |       |       |       ||    30
       Mace              |       |    38 |    42 |   100 |   143 ||   323
       Dagger            |       |       |       |    46 |       ||    46
 Fire: Blowgun           |       |     5 |   106 |   339 |   222 ||   672
Throw: Throwing net      |       |       |       |       |     1 ||     1
 Cast: Magic Dart        |   113 |   136 |   275 |   551 |   402 ||  1477
       Blink             |     3 |     1 |     8 |    22 |    32 ||    66
       Call Imp          |     1 |     5 |    11 |    11 |     1 ||    29
       Mephitic Cloud    |       |     6 |    34 |    87 |   100 ||   227
       Dazzling Spray    |       |       |     3 |   106 |   202 ||   311
       Repel Missiles    |       |       |       |     1 |     1 ||     2
       Stone Arrow       |       |       |       |     7 |   274 ||   281
       Lee's Rapid Decon |       |       |       |       |    50 ||    50
       Petrify           |       |       |       |       |    17 ||    17
       Stoneskin         |       |       |       |       |    22 ||    22
Evoke: Wand              |       |       |       |       |     3 ||     3
  Use: Potion            |       |     1 |       |     1 |     5 ||     7
       Scroll            |       |       |    10 |    19 |    18 ||    47
 Stab: Sleeping          |     1 |     1 |     2 |    13 |    10 ||    27
       Confused          |       |       |     6 |    30 |    10 ||    46
       Invisible         |       |       |       |     2 |     4 ||     6
       Distracted        |       |       |       |     1 |     1 ||     2
       Petrified         |       |       |       |       |     4 ||     4
  Eat: Chunk             |     4 |     7 |    14 |    23 |    28 ||    76
       Fruit             |     1 |     2 |     3 |     6 |     3 ||    15
       Beef jerky        |       |       |       |     1 |     2 ||     3
       Bread ration      |       |       |       |     1 |     5 ||     6
       Pizza             |       |       |       |       |     2 ||     2
